 Dungeon Crawl Stone Soup version 0.32-a0-42-ga30500b4d3 (webtiles) character file.

Game seed: 12098000579901278943

126862 elongatedgoose the Skirmisher (level 16, -5/129 HPs)
             Began as a Gnoll Hunter on Feb 1, 2024.
             Was a Believer of Uskayaw.
             Slain by a +6 trident of venom (8 damage)
             ... while paralysed by an air elemental
             ... on level 1 of the Elven Halls.
             The game lasted 00:59:16 (26571 turns).

elongatedgoose the Skirmisher (Gnoll Hunter)       Turns: 26571, Time: 00:59:16

Health: -5/129     AC: 12    Str: 18    XL:     16   Next: 99%
Magic:  31/31      EV:  2    Int:  9    God:    Uskayaw [**....]
Gold:   1366       SH:  0    Dex: 32    Spells: 38/38 levels left

rFire   . . .        N - +6 hand cannon (heavy)
rCold   . . .        T - +2 kite shield {AC+3}
rNeg    . . .        o - +2 troll leather armour {Snorg}
rPois   .            (no helmet)
rElec   .            f - scarf {repulsion}
rCorr   +            M - +1 pair of gloves
SInv    .            (no boots)
Will    +....        i - amulet "Yhodwodurab" {Reflect Rampage rCorr Str+7 Dex+3 SH+5}
Stlth   ++++++       b - +6 ring of dexterity
HPRegen 1.21/turn    (no ring)
MPRegen 0.22/turn

%: repel missiles, reflection, rampage
@: paralysed
A: fangs 1, strong nose, distributed training
a: Renounce Religion, Stomp, Line Pass


You were on level 1 of the Elven Halls.
You worshipped Uskayaw.
Uskayaw was pleased with you.
You visited 7 branches of the dungeon, and saw 26 of its levels.
You also visited: Bailey.

You collected 2576 gold pieces.
You spent 1210 gold pieces at shops.

Inventory:

Hand Weapons
 K - a +1 heavy scimitar
 N - a +6 heavy hand cannon (weapon)
Missiles
 j - 37 poisoned darts
 z - 5 javelins
 A - 2 throwing nets
Armour
 c - a +1 leather armour
 f - a scarf of repulsion (worn)
 o - a +2 troll leather armour (worn) {Snorg}
 y - a +3 kite shield
 D - +0 steam dragon scales
 M - a +1 pair of gloves (worn)
 T - a +2 kite shield of protection (worn)
Jewellery
 b - a +6 ring of dexterity (left hand)
 h - an amulet of the acrobat
 i - the amulet "Yhodwodurab" (around neck) {Reflect Rampage rCorr Str+7 Dex+3 SH+5}
   (You acquired it on level 4 of the Lair of Beasts)

   [amulet of reflection]

   Reflect:   It reflects blocked missile attacks.
   Str+7:     It affects your strength (+7).
   Dex+3:     It affects your dexterity (+3).
   rCorr:     It protects you from acid and corrosion.
   SH+5:      It affects your SH (+5).
   Rampage:   It bestows one free step when moving towards enemies.
 Q - the ring of the Clam {rC+ rN+ Str-4 Int+4}
   (You found it on level 4 of the Lair of Beasts)

   [ring of positive energy]

   Str-4:     It affects your strength (-4).
   Int+4:     It affects your intelligence (+4).
   rC+:       It protects you from cold.
   rN+:       It protects you from negative energy.
Wands
 l - a wand of flame (43)
 u - a wand of light (9)
 w - a wand of digging (11)
 G - a wand of roots (24)
 P - a wand of polymorph (3)
 V - a wand of paralysis (3)
Scrolls
 k - a scroll of identify
 m - a scroll of amnesia
 n - 4 scrolls of fog
 t - 2 scrolls of poison
 v - 4 scrolls of noise
 C - 5 scrolls of torment
 H - 3 scrolls of immolation
 J - 3 scrolls of teleportation
 S - a scroll of silence
 W - 2 scrolls of revelation
 X - a scroll of vulnerability
Potions
 a - 2 potions of haste
 e - 2 potions of enlightenment {unknown}
 g - 2 potions of might
 p - 2 potions of magic
 q - 2 potions of attraction
 s - 3 potions of degeneration
 B - 2 potions of resistance
 E - 6 potions of curing
 F - 2 potions of ambrosia
 I - 3 potions of mutation
 L - 6 potions of lignification
 O - a potion of brilliance {unknown}
 R - 3 potions of invisibility
 Z - a potion of heal wounds
Miscellaneous
 d - a box of beasts


   Skills:
 + Level 12.5 Fighting
 + Level 11.7 Short Blades
 + Level 11.7 Long Blades
 + Level 11.7 Axes
 + Level 11.7 Maces & Flails
 + Level 11.7 Polearms
 + Level 11.7 Staves
 + Level 14.2 Ranged Weapons
 + Level 11.7 Throwing
 + Level 11.7 Armour
 + Level 12.5 Dodging
 + Level 11.9 Stealth
 + Level 11.7 Shields
 + Level 11.7 Unarmed Combat
 + Level 11.7 Spellcasting
 + Level 9.9 Conjurations
 + Level 9.9 Hexes
 + Level 9.9 Summonings
 + Level 9.9 Necromancy
 + Level 9.9 Translocations
 + Level 9.9 Fire Magic
 + Level 9.9 Ice Magic
 + Level 9.9 Air Magic
 + Level 9.9 Earth Magic
 + Level 9.9 Alchemy
 + Level 12.7 Invocations
 + Level 11.7 Evocations
 + Level 10.7 Shapeshifting


You had 38 spell levels left.
You didn't know any spells.
Your spell library contained the following spells:

 Spells                   Type           Power      Damage    Failure   Level
 Blink                    Tloc           46%        N/A       1%          2
 Call Imp                 Summ           46%        N/A       1%          2
 Ensorcelled Hibernation  Hex/Ice        46%        N/A       1%          2
 Lesser Beckoning         Tloc           46%        N/A       1%          2
 Momentum Strike          Conj/Tloc      46%        3d9       1%          2
 Sublimation of Blood     Necr           23%        N/A       1%          2
 Inner Flame              Hex/Fire       23%        N/A       1%          3
 Passwall                 Erth           23%        N/A       1%          3
 Swiftness                Air            23%        N/A       1%          3
 Volatile Blastmotes      Fire/Tloc      46%        2d13      1%          3
 Animate Armour           Summ/Erth      46%        N/A       4%          4
 Fulminant Prism          Conj/Alch      11%        3d8       4%          4
 Iskenderun's Mystic Bla  Conj/Tloc      23%        2d6       4%          4
 Summon Lightning Spire   Summ/Air       23%        N/A       4%          4
 Irradiate                Conj/Alch      11%        3d15      12%         5
 Lee's Rapid Deconstruct  Erth           11%        3d8*      12%         5
 Summon Hydra             Summ           11%        N/A       98%         7
 Ignition                 Fire           11%        3d5       100%        8


Dungeon Overview and Level Annotations

Branches:
Dungeon (15/15)            Temple (1/1) D:4            Lair (5/5) D:9
  Swamp (1/4) Lair:3       Spider (1/4) Lair:2        Slime (0/5) Lair:4
    Orc (2/2) D:10            Elf (1/3) Orc:2        Vaults (0/5) D:13
 Depths (0/4) D:15         Bailey (visited)

Altars:
Ashenzari
Cheibriados
Dithmenos
Elyvilon
Fedhas
Gozag
Hepliaklqana
Kikubaaqudgha
Makhleb
Nemelex Xobeh
Okawaru
Qazlal
Ru
Sif Muna
Trog
Uskayaw
Vehumet
Wu Jian
Xom
Yredelemnul
Zin
The Shining One
Jiyva

Shops:
D:5 (   D:9 *(*=(?   D:10 [   D:15 :   Orc:2 (!:!   Elf:1 [!

Portals:
Abyss: D:10
Pandemonium: Orc:2

Annotations:
D:10 2 transporters, Pooter's ghost, journeyman MiBe
D:15 3 runed translucent doors, Cophusiv's ghost, journeyman DsGl
Lair:4 1 runed translucent door
Swamp:1 1 runed translucent door


Innate Abilities, Weirdness & Mutations

You have very sharp teeth.
Your uncanny sense of smell can sniff out nearby items.
Your experience applies equally to all skills.


Message History

The +6 trident of venom hits you from afar!
You are more poisoned.
You feel better.
The human is no longer paralysed.
The air elemental fires a burst of electricity at you.
The stunning burst hits you!
You shrug off the repeated paralysis!
* * * LOW HITPOINT WARNING * * *
The stunning burst hits the human!
The human is paralysed.
The air elemental fires a burst of electricity at you.
The stunning burst misses you.
The stunning burst hits the human.
You block the +6 trident of venom's attack.
As you read the scroll of summoning, it crumbles to dust.
Wisps of shadow whirl around you...
The human is no longer paralysed.
The air elemental fires a burst of electricity at you.
The stunning burst hits you!
You suddenly lose the ability to move!
* * * LOW HITPOINT WARNING * * *
The stunning burst hits your deep elf zephyrmancer!
Your deep elf zephyrmancer is paralysed.
The stunning burst hits your deep elf pyromancer!
Your deep elf pyromancer is paralysed.
The stunning burst hits the human!!
The human dies!
The air elemental fires a burst of electricity at you.
The stunning burst hits you!
* * * LOW HITPOINT WARNING * * *
The stunning burst hits your deep elf zephyrmancer!
The stunning burst hits your deep elf pyromancer.
The +6 trident of venom hits you from afar!
* * * LOW HITPOINT WARNING * * *
The air elemental fires a burst of electricity at you.
The stunning burst hits you.
* * * LOW HITPOINT WARNING * * *
The stunning burst hits your deep elf zephyrmancer!!
Your deep elf zephyrmancer dies!
Your deep elf zephyrmancer's corpse dissolves into shadows!
The stunning burst hits your deep elf pyromancer.
The +6 trident of venom hits you from afar!
You die...

.. . . . .# .#..#
#####....#
##################e.).....#
............†.e.@E(.....#.'
##################.:)...?.#
... ......>.......#
####.### ...#.####.###.#
##.....## . ..# .# #
#.......## .).. .#
.........## ... .
..........##.. #
...........# .


You could see an air elemental (ally target), a +6 trident of venom, a friendly
deep elf pyromancer (summoned, paralysed) and a friendly deep elf zephyrmancer
(summoned).

Vanquished Creatures
  Rupert (D:13)
  Kirke (Elf:1)
  A frost giant (D:15)
  An ironbound thunderhulk (D:13)
  Azrael (D:13)
  Snorg (D:12)
  An ettin (Orc:1)
  A fire dragon (D:15)
  2 vault guards (D:13)
  A great orb of eyes (D:12)
  8 hydras
  Erolcha (D:13)
  2 demonspawn (Orc:2)
  3 boulder beetles
  8 two-headed ogres
  2 centaur warriors
  A dancing weapon (Elf:1)
  2 catoblepae (Lair:5)
  19 death yaks
  6 tengu warriors
  6 orc high priests (Orc:2)
  A demonic crawler (D:14)
  A deep elf knight (Elf:1)
  A skyshark (Lair:5)
  8 skeletal warriors
  A deep troll (D:12)
  3 deep elf archers (Elf:1)
  2 bog bodies (Lair:3)
  4 orc knights (Orc:2)
  A glowing orange brain (D:12)
  12 deep elf pyromancers
  7 deep elf zephyrmancers (Elf:1)
  8 orc sorcerers
  A necromancer (Lair:3)
  2 cyclopes
  4 manticores
  5 ugly things
  28 elephants
  3 meliai (D:12)
  12 cane toads
  2 black mambas (shapeshifter) (D:12)
  4 gargoyles
  A torpor snail (D:14)
  A smoke demon (Orc:2)
  5 black mambas
  An orange demon (Orc:2)
  A kobold demonologist (D:13)
  Maggie (D:10)
  3 rime drakes
  An unseen horror (D:12)
  A tengu conjurer (D:13)
  6 komodo dragons
  2 freezing wraiths
  A tyrant leech (D:14)
  A merfolk (D:9)
  4 trolls
  4 polar bears
  A troll (shapeshifter) (D:14)
  A tarantella (Lair:2)
  Grinder (D:6)
  Prince Ribbit (D:7)
  2 hornets
  13 blink frogs
  3 dream sheep (Lair:5)
  6 slime creatures
  A jumping spider (Lair:2)
  7 spriggans
  An air elemental (Elf:1)
  2 shadows (D:12)
  2 water elementals (Elf:1)
  A vampire (D:12)
  63 yaks
  2 wraiths
  3 hogs (Elf:1)
  4 basilisks
  4 fire elementals (D:13)
  3 humans
  6 wyverns
  11 vampire mosquitoes
  2 steam dragons
  Menkaure (D:4)
  A chaos spawn (Orc:2)
  5 swamp worms
  2 acid dragons
  11 water moccasins
  3 hell hounds (D:13)
  25 orc warriors
  2 sky beasts
  4 black bears
  11 ogres
  3 boggarts (D:14)
  9 wolves
  3 phantoms
  5 centaurs
  A kobold brigand (D:8)
  A brain worm (shapeshifter) (D:15)
  2 wyvern zombies (D:12)
  2 scorpions
  14 bullfrogs
  2 gnoll sergeants
  18 wights
  5 electric eels
  4 howler monkeys
  2 bombardier beetles
  2 hounds
  2 jellies
  33 orc priests
  A gnoll bouda (D:12)
  3 iguanas
  21 orc wizards
  4 yak simulacra (Lair:3)
  2 polar bear simulacra (Lair:3)
  2 wolf simulacra (Lair:3)
  11 gnolls
  13 adders
  A river rat (Lair:3)
  A white imp (D:5)
  2 ufetubi (D:6)
  4 dart slugs
  A ribbon worm (D:5)
  93 orcs
  9 ball pythons
  6 endoplasms
  6 giant cockroaches
  14 goblins
  8 hobgoblins
  12 jackals
  7 quokkas
  3 training dummies (D:5)
  8 bats
  3 frilled lizards (D:1)
  10 kobolds
  4 rats
  3 river rat simulacra (Lair:3)
777 creatures vanquished.

Vanquished Creatures (others)
  A deep elf pyromancer (Elf:1)
  A human (Elf:1)
  A kobold brigand (D:12)
  An orc priest (Orc:1)
4 creatures vanquished.

Grand Total: 781 creatures vanquished

Notes
Turn   | Place    | Note
-------+----------+-------------------------------------------
     0 | D:1      | elongatedgoose the Gnoll Hunter began the quest for the
                  | Orb.
     0 | D:1      | Reached XP level 1. HP: 20/20 MP: 1/1
    80 | D:1      | Reached XP level 2. HP: 26/26 MP: 2/2
   233 | D:1      | Reached XP level 3. HP: 31/31 MP: 3/3
   524 | D:1      | Reached skill level 1 in Invocations
   646 | D:2      | Reached skill level 1 in Short Blades
   646 | D:2      | Reached skill level 1 in Long Blades
   646 | D:2      | Reached skill level 1 in Axes
   646 | D:2      | Reached skill level 1 in Maces & Flails
   646 | D:2      | Reached skill level 1 in Polearms
   646 | D:2      | Reached skill level 1 in Staves
   646 | D:2      | Reached skill level 1 in Throwing
   646 | D:2      | Reached skill level 1 in Armour
   646 | D:2      | Reached skill level 1 in Shields
   646 | D:2      | Reached skill level 1 in Unarmed Combat
   646 | D:2      | Reached skill level 1 in Spellcasting
   646 | D:2      | Reached skill level 1 in Evocations
   873 | D:2      | Reached skill level 1 in Shapeshifting
   873 | D:2      | Reached XP level 4. HP: 38/38 MP: 5/5
  1159 | D:3      | Reached skill level 1 in Conjurations
  1159 | D:3      | Reached skill level 1 in Hexes
  1159 | D:3      | Reached skill level 1 in Summonings
  1159 | D:3      | Reached skill level 1 in Necromancy
  1159 | D:3      | Reached skill level 1 in Translocations
  1159 | D:3      | Reached skill level 1 in Fire Magic
  1159 | D:3      | Reached skill level 1 in Ice Magic
  1159 | D:3      | Reached skill level 1 in Air Magic
  1159 | D:3      | Reached skill level 1 in Earth Magic
  1159 | D:3      | Reached skill level 1 in Alchemy
  1672 | D:3      | Reached XP level 5. HP: 43/43 MP: 7/7
  2153 | D:4      | Noticed Menkaure
  2166 | D:4      | Killed Menkaure
  2167 | D:4      | Reached skill level 5 in Fighting
  2167 | D:4      | Reached skill level 5 in Dodging
  2167 | D:4      | Reached XP level 6. HP: 51/51 MP: 7/9
  2209 | D:4      | Found a staircase to the Ecumenical Temple.
  2231 | Temple   | Entered the Ecumenical Temple
  2252 | Temple   | Became a worshipper of Uskayaw the Reveller
  2263 | D:4      | Reached * piety under Uskayaw
  2411 | D:4      | Found a glowing golden altar of the Shining One.
  2414 | D:4      | Reached ** piety under Uskayaw
  2919 | D:4      | Reached XP level 7. HP: 46/56 MP: 10/10
  3322 | D:5      | Entered Level 5 of the Dungeon
  3443 | D:5      | Found an opulent altar of Gozag.
  3869 | D:5      | Found Kelocun's Firing Range.
  3878 | D:5      | Bought a +1 hand cannon of draining for 159 gold pieces
  4356 | D:5      | Reached skill level 9 in Ranged Weapons
  4464 | D:5      | Reached *** piety under Uskayaw
  5011 | D:5      | Found a glowing silver altar of Zin.
  5173 | D:6      | Reached XP level 8. HP: 61/63 MP: 12/12
  5279 | D:6      | Reached **** piety under Uskayaw
  5281 | D:6      | Noticed Grinder
  5289 | D:6      | Reached ***** piety under Uskayaw
  5291 | D:6      | Paralysed by Grinder for 5 turns
  5300 | D:6      | Killed Grinder
  5809 | D:6      | Identified the +0 robe of Cigum {^Drain +Inv Int+5
                  | Archmagi}
  5979 | D:6      | Reached XP level 9. HP: 69/69 MP: 14/14
  6157 | D:7      | Noticed Prince Ribbit
  6166 | D:7      | Killed Prince Ribbit
  6393 | D:7      | Reached skill level 5 in Stealth
  6898 | D:8      | Reached skill level 5 in Invocations
  6949 | D:8      | Found a sacrificial altar of Ru.
  7333 | D:8      | Reached skill level 5 in Short Blades
  7333 | D:8      | Reached skill level 5 in Long Blades
  7333 | D:8      | Reached skill level 5 in Axes
  7333 | D:8      | Reached skill level 5 in Maces & Flails
  7333 | D:8      | Reached skill level 5 in Polearms
  7333 | D:8      | Reached skill level 5 in Staves
  7333 | D:8      | Reached skill level 5 in Throwing
  7333 | D:8      | Reached skill level 5 in Armour
  7333 | D:8      | Reached skill level 5 in Shields
  7333 | D:8      | Reached skill level 5 in Unarmed Combat
  7333 | D:8      | Reached skill level 5 in Spellcasting
  7333 | D:8      | Reached skill level 5 in Evocations
  7333 | D:8      | Reached XP level 10. HP: 77/77 MP: 17/17
  7556 | D:9      | Reached skill level 10 in Ranged Weapons
  7663 | D:9      | Reached skill level 5 in Shapeshifting
  8148 | D:9      | Found Suquseos's Assorted Antiques.
  8149 | D:9      | Found Atiec's Antique Weapon Emporium.
  8150 | D:9      | Found Voarchui's Magic Scroll Boutique.
  8150 | D:9      | Found Pueboanu's Weapon Shop.
  8151 | D:9      | Found Ynigg's Jewellery Boutique.
  8151 | D:9      | Found Rextekk's General Store.
  8324 | D:5      | Bought a +2 heavy hand cannon for 219 gold pieces
  8471 | D:9      | Noticed a two-headed ogre
  8494 | D:9      | Killed a two-headed ogre
  8744 | D:9      | Noticed a gargoyle
  8746 | D:9      | Killed a gargoyle
  8747 | D:9      | Reached skill level 5 in Conjurations
  8747 | D:9      | Reached skill level 5 in Hexes
  8747 | D:9      | Reached skill level 5 in Summonings
  8747 | D:9      | Reached skill level 5 in Necromancy
  8747 | D:9      | Reached skill level 5 in Translocations
  8747 | D:9      | Reached skill level 5 in Fire Magic
  8747 | D:9      | Reached skill level 5 in Ice Magic
  8747 | D:9      | Reached skill level 5 in Air Magic
  8747 | D:9      | Reached skill level 5 in Earth Magic
  8747 | D:9      | Reached skill level 5 in Alchemy
  8747 | D:9      | Reached XP level 11. HP: 85/85 MP: 20/20
  9139 | D:9      | Found a staircase to the Lair.
  9668 | D:10     | Entered Level 10 of the Dungeon
  9684 | D:10     | Found a one-way gate to the infinite horrors of the Abyss.
  9684 | D:10     | Noticed Pooter's ghost (journeyman MiBe)
  9713 | D:10     | Found Venera's Dragon-Slaying Spoils.
  9745 | D:10     | Found a transporter.
  9779 | D:10     | Found a flagged portal.
  9886 | Bailey   | Entered a bailey
  9932 | Bailey   | Reached ****** piety under Uskayaw
 10099 | Bailey   | Noticed a two-headed ogre
 10106 | Bailey   | Killed a two-headed ogre
 10113 | Bailey   | Found the +7 staff of the Meek {protect, meekguard}
 10187 | D:10     | Found a transporter.
 10211 | D:10     | Noticed a thrashing horror
 10212 | D:10     | Noticed a skeletal warrior
 10328 | D:10     | Noticed Maggie
 10332 | D:10     | Killed Maggie
 10884 | D:10     | Found a staircase to the Orcish Mines.
 11391 | Lair:1   | Entered Level 1 of the Lair of Beasts
 11513 | Lair:1   | Reached skill level 11 in Ranged Weapons
 11893 | Lair:1   | Reached XP level 12. HP: 94/94 MP: 22/22
 12844 | Lair:1   | Noticed a four-headed hydra
 12853 | Lair:1   | Killed a four-headed hydra
 14091 | Lair:2   | Found a hole to the Spider Nest.
 14299 | Lair:2   | Reached XP level 13. HP: 54/101 MP: 25/25
 14506 | Spider:1 | Entered Level 1 of the Spider Nest
 15344 | Lair:3   | Reached skill level 12 in Ranged Weapons
 15351 | Lair:3   | Found a staircase to the Swamp.
 15478 | Lair:4   | Noticed an acid blob
 15483 | Lair:4   | Found a runed translucent door.
 15483 | Lair:4   | Found a viscous altar of Jiyva.
 15483 | Lair:4   | Found a staircase to the Slime Pits.
 15796 | Lair:4   | Identified a scroll of acquirement
 15796 | Lair:4   | Acquired the amulet "Yhodwodurab" {Reflect Rampage rCorr
                  | Str+7 Dex+3 SH+5}
 15814 | Lair:4   | Reached skill level 10 in Fighting
 15814 | Lair:4   | Reached skill level 10 in Dodging
 16022 | Lair:4   | Reached XP level 14. HP: 49/110 MP: 27/27
 16025 | Lair:4   | Reached skill level 10 in Invocations
 16320 | Lair:4   | Identified the ring of the Clam {rC+ rN+ Str-4 Int+4}
 16761 | Lair:5   | Entered Level 5 of the Lair of Beasts
 16783 | Lair:5   | Found an iron altar of Okawaru.
 17229 | Lair:4   | HP: 4/111 [catoblepas (13)]
 17657 | Orc:1    | Entered Level 1 of the Orcish Mines
 17856 | Orc:2    | Entered Level 2 of the Orcish Mines
 18199 | Orc:2    | Found a staircase to the Elven Halls.
 18595 | Orc:2    | Reached skill level 10 in Stealth
 18727 | Orc:2    | Found Biprugg's Distillery.
 18733 | Orc:2    | Found Sapn's Distillery.
 19286 | Orc:2    | Reached skill level 10 in Short Blades
 19286 | Orc:2    | Reached skill level 10 in Long Blades
 19286 | Orc:2    | Reached skill level 10 in Axes
 19286 | Orc:2    | Reached skill level 10 in Maces & Flails
 19286 | Orc:2    | Reached skill level 10 in Polearms
 19286 | Orc:2    | Reached skill level 10 in Staves
 19286 | Orc:2    | Reached skill level 10 in Throwing
 19286 | Orc:2    | Reached skill level 10 in Armour
 19286 | Orc:2    | Reached skill level 10 in Shields
 19286 | Orc:2    | Reached skill level 10 in Unarmed Combat
 19286 | Orc:2    | Reached skill level 10 in Spellcasting
 19286 | Orc:2    | Reached skill level 10 in Evocations
 19315 | Orc:2    | Reached skill level 13 in Ranged Weapons
 19522 | Orc:2    | Found Doacvoeq's Book Boutique.
 19522 | Orc:2    | Found Qiokhla's Antique Weapon Shop.
 19523 | Orc:2    | Found a one-way gate leading to the halls of Pandemonium.
 19821 | Elf:1    | Entered Level 1 of the Elven Halls
 19823 | Elf:1    | Reached XP level 15. HP: 118/118 MP: 29/29
 19920 | D:11     | Acquired a +2 kite shield of protection
 21644 | D:9      | Bought a scroll of acquirement for 832 gold pieces
 21644 | D:9      | Acquired 421 gold pieces
 21837 | D:13     | Noticed Snorg
 21838 | D:13     | Noticed Rupert
 21846 | D:12     | Killed Snorg
 22159 | D:13     | Killed Rupert
 22233 | D:13     | Noticed Erolcha
 22237 | D:13     | Killed Erolcha
 22260 | D:13     | Noticed Azrael
 22299 | D:13     | Killed Azrael
 22379 | D:13     | Identified the +2 mace "Ithilah" {flame, Dex+7}
 22802 | D:13     | Found a gate to the Vaults.
 22983 | D:14     | Reached skill level 10 in Shapeshifting
 23003 | D:14     | Reached XP level 16. HP: 76/127 MP: 30/30
 23733 | D:15     | Entered Level 15 of the Dungeon
 24030 | D:15     | Found Nassela's Self-Published Books.
 24399 | D:15     | Found a shimmering altar of Xom.
 24524 | D:15     | Found a runed translucent gate.
 24524 | D:15     | Found a runed translucent gate.
 24524 | D:15     | Found a runed translucent gate.
 24526 | D:15     | Found an opulent altar of Gozag.
 24529 | D:15     | Noticed Cophusiv's ghost (journeyman DsGl)
 24529 | D:15     | Noticed a sphinx
 24575 | D:15     | Found a staircase to the Depths.
 25370 | Lair:5   | Identified the +0 leather armour of Satisfaction {Int+2}
 25409 | Lair:5   | Reached skill level 14 in Ranged Weapons
 25975 | Swamp:1  | Entered Level 1 of the Swamp
 25975 | Swamp:1  | Found a runed translucent door.
 26482 | Elf:1    | Found Huxixeog's Distillery.
 26482 | Elf:1    | Found Tilaxycym's Antique Armour Boutique.
 26526 | Elf:1    | Noticed Kirke
 26532 | Elf:1    | Killed Kirke
 26568 | Elf:1    | Paralysed by an air elemental for 1 turns
 26571 | Elf:1    | Paralysed by an air elemental for 1 turns
 26571 | Elf:1    | HP: 6/129 [+6 trident of venom (9)]
 26571 | Elf:1    | Slain by a +6 trident of venom

Illustrated notes

Levels and vault maps discovered:
D:1:      dpeg_arrival_prison, layout_loops_ring, serial_glass, glass_columns_b,
          glass_columns_b
D:2:      layout_rooms, minmay_tiny_reverse_x
D:3:      minmay_chambers_of_twos, layout_loops_ring
D:4:      layout_layer_cave, nicolae_tso_swordbearing_angel,
          minmay_temple_entry_junction_2, uniq_menkaure
D:5:      layout_basic, pdpol_temple_overflow_zin_treasury_gozag_greed,
          nicolae_shop_firing_range
D:6:      layout_basic, minmay_bent, uniq_grinder
D:7:      layout_loops_ring, uniq_prince_ribbit1
D:8:      layout_rooms, nicolae_ru_great_annihilating_truth, grunt_ministairs_14
D:9:      layout_layer_cave, dpeg_oklobed_lair, nicolae_wooded_promenade,
          hangedman_fish_farm
D:10:     layout_long_grid, hiddenorc2_lemuel, gammafunk_ghost_abyssal_escape,
          enter_bailey_5, kennysheep_path_1, nicolae_shop_dragon_depot,
          minmay_crystal_water, uniq_maggie
D:11:     layout_irregular_city
D:12:     regret_index_malice_mire, layout_long_grid
D:13:     layout_gridville, hellmonk_vaults_keyhole, uniq_erolcha, uniq_rupert,
          uniq_snorg, uniq_azrael
D:14:     layout_loops_cross, serial_park_tiny_pond, worms_lemuel
D:15:     grunt_enter_depths_snipers, layout_stronghold, ebering_ghost_gozag,
          xom_teletrap_fun, nicolae_custom_books
Temple:   dpeg_three_leaves_temple
Lair:1:   layout_cave_pods, minmay_shattered_shrine, lemuel_fruit_tree,
          infiniplex_staircase_pool
Lair:2:   layout_misc_corridors, spider_nest_entry_rubble, forest_entry_grove
Lair:3:   layout_loops_ring, nicolae_swamp_entry_splash_gauntlet,
          eino_house_with_fridge
Lair:4:   layout_loops_ring, slime_entry_2, beast_lair_carwin_9,
          grunt_megastairs_3
Lair:5:   evilmike_catoblepas_cave, layout_cave_shapes, basic_altar
Swamp:1:  layout_basic_swamp, ebering_ghost_inner_flame,
          evilmike_swamp_ruin_house_1
Spider:1: layout_cave_pods, hellmonk_spider_spawner
Orc:1:    layout_caves
Orc:2:    pf_orc_diabolical, layout_caves, special_room
Elf:1:    eino_elf_arrival_sip, layout_rooms, serial_shops, shop,
          nicolae_book_shop_shelving, minmay_elf_annihilation,
          serial_sigils_hangedman_snap, minmay_shoptagon, uniq_kirke

Skill      XL: |  1  2  3  4  5  6  7  8  9 10 11 12 13 14 15 16 |
---------------+-------------------------------------------------+-----
Invocations    | 1 2 3 4 5 6 7 8 9 10 11 12 | 12.7
Short Blades   | 1 2 3 5 6 7 8 9 10 11 | 11.7
Long Blades    | 1 2 3 5 6 7 8 9 10 11 | 11.7
Axes           | 1 2 3 5 6 7 8 9 10 11 | 11.7
Maces & Flails | 1 2 3 5 6 7 8 9 10 11 | 11.7
Polearms       | 1 2 3 5 6 7 8 9 10 11 | 11.7
Staves         | 1 2 3 5 6 7 8 9 10 11 | 11.7
Throwing       | 1 2 3 5 6 7 8 9 10 11 | 11.7
Armour         | 1 2 3 5 6 7 8 9 10 11 | 11.7
Shields        | 1 2 3 5 6 7 8 9 10 11 | 11.7
Unarmed Combat | 1 2 3 5 6 7 8 9 10 11 | 11.7
Spellcasting   | 1 2 3 5 6 7 8 9 10 11 | 11.7
Evocations     | 1 2 3 5 6 7 8 9 10 11 | 11.7
Shapeshifting  | 1 2 3 4 5 6 7 8 9 10 | 10.7
Conjurations   | 1 2 3 4 5 6 7 8 9 |  9.9
Hexes          | 1 2 3 4 5 6 7 8 9 |  9.9
Summonings     | 1 2 3 4 5 6 7 8 9 |  9.9
Necromancy     | 1 2 3 4 5 6 7 8 9 |  9.9
Translocations | 1 2 3 4 5 6 7 8 9 |  9.9
Fire Magic     | 1 2 3 4 5 6 7 8 9 |  9.9
Ice Magic      | 1 2 3 4 5 6 7 8 9 |  9.9
Air Magic      | 1 2 3 4 5 6 7 8 9 |  9.9
Earth Magic    | 1 2 3 4 5 6 7 8 9 |  9.9
Alchemy        | 1 2 3 4 5 6 7 8 9 |  9.9
Fighting       | 5 6 7 8 9 10 11 12 | 12.5
Dodging        | 5 6 7 8 9 10 11 12 | 12.5
Stealth        | 3 4 5 6 7 8 9 10 11 | 11.9
Ranged Weapons | 9 10 11 12 13 14 | 14.2

Action                     |  1- 3 |  4- 6 |  7- 9 | 10-12 | 13-15 | 16-18 || total
---------------------------+-------+-------+-------+-------+-------+-------++-------
  Melee: Hand cannon       |       |       |       |       |     2 |       ||     2
         Bite              |       |       |       |       |     1 |       ||     1
   Fire: Shortbow          |    87 |   127 |    60 |       |       |       ||   274
         Hand cannon       |       |       |   167 |   347 |   682 |   242 ||  1438
  Throw: Throwing net      |       |       |       |     7 |       |       ||     7
 Invoke: Stomp             |       |       |     1 |       |       |       ||     1
         Grand Finale      |       |       |       |     1 |       |       ||     1
  Evoke: Wand              |       |    12 |       |       |       |       ||    12
    Use: Scroll            |       |    11 |     5 |     9 |    17 |     6 ||    48
         Potion            |       |       |     2 |     5 |     4 |     2 ||    13
 Armour: Leather armour    |    11 |    17 |    41 |       |       |       ||    69
         Steam dragon scal |       |       |    14 |   187 |   185 |       ||   386
         Troll leather arm |       |       |       |       |    93 |    86 ||   179
  Dodge: Dodged            |    11 |    40 |    81 |   306 |   432 |   130 ||  1000
         Repelled          |       |     1 |       |       |     4 |     3 ||     8
  Block: Kite shield       |       |       |    46 |   344 |   746 |   247 ||  1383
         Reflection        |       |       |       |       |    17 |    26 ||    43

Table legend: (Time is in decaauts)
 A = Elapsed time spent in this place.
 B = Non-inter-level travel time spent in this place.
 C = Inter-level travel time spent in this place.
 D = Time resting spent in this place.
 E = Time spent auto-exploring this place.
 F = Levels seen in this place.
 G = Mean time per level.
                   A        B        C        D        E       F      G
               +--------+--------+--------+--------+--------+-----+--------+
         Total |  28058 |  25639 |   2419 |   2618 |  18055 |  27 | 1039.2 |
       Dungeon |  17069 |  15380 |   1689 |   1020 |  11708 |  15 | 1137.9 |
        Temple |     29 |     22 |      7 |      0 |      0 |   1 |   29.0 |
          Lair |   7997 |   7405 |    592 |   1231 |   4687 |   5 | 1599.4 |
         Swamp |      8 |      8 |      0 |      0 |      0 |   1 |    8.0 |
   Spider Nest |      1 |      1 |      0 |      0 |      0 |   1 |    1.0 |
  Orcish Mines |   2398 |   2270 |    128 |    269 |   1458 |   2 | 1199.0 |
   Elven Halls |    225 |    224 |      1 |      0 |     65 |   1 |  225.0 |
        Bailey |    327 |    327 |      0 |     98 |    137 |   1 |  327.0 |
               +--------+--------+--------+--------+--------+-----+--------+

Top non-repeatable levels by time:
     D:9: 2281 daAuts
  Lair:1: 2247 daAuts
     D:5: 1795 daAuts
    D:10: 1787 daAuts
   Orc:2: 1729 daAuts
  Lair:4: 1718 daAuts
  Lair:3: 1656 daAuts
    D:12: 1504 daAuts
     D:4: 1287 daAuts
    D:15: 1200 daAuts
  Lair:2: 1187 daAuts
  Lair:5: 1186 daAuts
     D:6: 1067 daAuts
    D:14: 1015 daAuts
     D:3: 926 daAuts
